 Dungeon Crawl Stone Soup version 0.32-a0-607-g64ea0e4219 (webtiles) character file.

Game seed: 17722330757976034299

107 BeKind the Trooper (level 4, -1/24 HPs)
             Began as a Vine Stalker Berserker on Mar 4, 2024.
             Was a Believer of Trog.
             Killed by divine providence
             ... invoked by an orc priest
              (12 damage)
             ... on level 3 of the Dungeon.
             The game lasted 00:01:17 (1862 turns).

BeKind the Trooper (Vine Stalker Berserker)         Turns: 1862, Time: 00:01:18

Health: -1/24      AC:  8    Str: 22    XL:     4   Next: 85%
Magic:  0/5        EV:  9    Int:  7    God:    Trog [**....]
Gold:   153        SH:  0    Dex: 19    Spells: 3/3 levels left

rFire   . . .        a - +0 falchion
rCold   . . .        (no shield)
rNeg    . . .        f - +0 chain mail
rPois   .            (no helmet)
rElec   .            (no cloak)
rCorr   .            (no gloves)
SInv    .            (no boots)
Will    .....        (no amulet) Stlth
                     i - +6 ring of dexterity
HPRegen 1.04/turn    (no ring)
MPRegen 0.09/turn

%: guardian spirit
@: no status effects
A: fangs 2, regeneration 1, magic shield, antimagic bite, no potion heal 2
a: Renounce Religion, Berserk, Trog's Hand


You were on level 3 of the Dungeon.
You worshipped Trog.
Trog was pleased with you.
You visited 1 branch of the dungeon, and saw 3 of its levels.

You collected 153 gold pieces.

Inventory:

Hand Weapons
 a - a +0 falchion (weapon)
Armour
 b - a +0 animal skin
 f - a +0 chain mail (worn)
Jewellery
 i - a +6 ring of dexterity (left hand)
 m - a +6 ring of intelligence
Scrolls
 d - 4 scrolls of identify {unknown}
 e - a scroll of fear {unknown}
 g - a scroll of blinking {unknown}
 j - a scroll of vulnerability {unknown}
 l - 2 scrolls of teleportation {unknown}
Potions
 c - a potion of resistance {unknown}
 h - 2 potions of invisibility {unknown}
 k - a potion of mutation {unknown}


   Skills:
 + Level 3.4 Fighting
 + Level 3.3 Long Blades
 + Level 2.3 Armour
 + Level 2.3 Dodging


You had 3 spell levels left.
You didn't know any spells.
Your spell library was empty.

Dungeon Overview and Level Annotations

Branches:
Dungeon (3/15)

Altars:

Shops:
D:1 =


Innate Abilities, Weirdness & Mutations

You have extremely sharp teeth.
Your natural rate of healing is unusually fast.
When hurt, damage is shared between your health and your magic reserves.
Your bite disrupts and absorbs the magic of your enemies.
Potions cannot restore your health.


Message History

You hit the orc wizard but do no damage.
Your bite misses the orc wizard.
The orc wizard is almost dead.
The orc hits you with a +0 hand axe. The orc hits you but does no damage.
The orc wizard falters for a moment.
You closely miss the orc wizard.
The orc wizard is almost dead.
The orc closely misses you.
The orc wizard falters for a moment.
The orc hits you but does no damage.
The orc priest hits you with a +0 flail.
You closely miss the orc wizard.
You bite the orc wizard, but do no damage.
The orc wizard is almost dead.
The orc hits you with a +0 hand axe. The orc hits you but does no damage.
The orc priest closely misses you.
The orc wizard hits you but does no damage.
You hit the orc wizard.
You kill the orc wizard!
Trog accepts your kill.
Trog appreciates your killing of a magic user.
The orc barely misses you. The orc closely misses you.
The orc priest hits you but does no damage.
You hit the orc priest. You bite the orc priest. You drain its power.
The orc priest is moderately wounded.
The orc hits you with a +0 hand axe.
The orc priest hits you with a +0 flail.
You hit the orc priest. You bite the orc priest. You drain its power.
The orc priest is severely wounded.
The orc hits you with a +0 hand axe. x2
The orc priest looks satisfied for a moment.
You hit the orc priest.
The orc priest is almost dead.
The orc completely misses you. The orc hits you but does no damage.
The orc priest hits you but does no damage.
The orc barely misses you. The orc hits you with a +0 hand axe.
The orc barely misses you. x2
The orc priest mumbles some strange prayers to Beogh against you.
Beogh smites you!
Ouch! That really hurt!
You die...

.#..#. .. # .....#.#.#
... .##
##........#.###
....#..
..#.....#......
..#...#...#...#....##.
#...#.#...###...#.##.
..#...#..#..#..#.#..
#ooo..###...#.#...#
#o@...#..#......>.#
#.....#...#...#####
#.#...#.#......#
#...#.#...#.....#
.................#
######...#...######
##..#.### ##.#.# ..#.#


You could see an orc priest and 3 orcs.

Vanquished Creatures
  An orc priest (D:3)
  An orc wizard (D:3)
  2 dart slugs (D:1)
  5 orcs (D:3)
  5 endoplasms
  4 giant cockroaches
  2 goblins (D:1)
  A hobgoblin (D:1)
  4 jackals (D:1)
  2 quokkas
  6 ball pythons
  2 bats
  2 frilled lizards
  2 kobolds (D:1)
  4 rats
  A spectral goblin (D:1)
44 creatures vanquished.

Notes
Turn   | Place    | Note
-------+----------+-------------------------------------------
     0 | D:1      | BeKind the Vine Stalker Berserker began the quest for the
                  | Orb.
     0 | D:1      | Reached XP level 1. HP: 11/11 MP: 2/2
    97 | D:1      | Reached XP level 2. HP: 14/16 MP: 3/3
   249 | D:1      | Found Bamaxuw's Jewellery Emporium.
   454 | D:1      | Found a faded altar of an unknown god.
   569 | D:1      | Reached ** piety under Trog
   592 | D:1      | Reached XP level 3. HP: 20/20 MP: 4/4
  1651 | D:3      | Reached XP level 4. HP: 24/24 MP: 1/5
  1690 | D:3      | Identified the +6 dagger "Mejelisol" {freeze, rElec rPois
                  | rC+++ Int-4}
  1862 | D:3      | Killed from afar by an orc priest

Illustrated notes

Levels and vault maps discovered:
D:1:      wander_arrival_lonely_grave, layout_loops_corners,
          dreamdust_ecumenical_altar_drowned_temple, serial_shops,
          nicolae_shop_back_alley_shop
D:2:      layout_loops_cross, kennysheep_another_room, roderic_roman_lattice
D:3:      layout_basic, nicolae_gozag_seed_capital, gup_sewer_entry_pipe,
          minmay_splitting_lines, minmay_bisected

Skill      XL: |  1  2  3 |
---------------+----------+-----
Fighting       | 3 |  3.4
Long Blades    | 3 |  3.3
Dodging        | 2 |  2.3
Armour         | 2 |  2.3

Action                     |  1- 3 |  4- 6 || total
---------------------------+-------+-------++-------
  Melee: Falchion          |   102 |    21 ||   123
         Bite              |    26 |    11 ||    37
 Invoke: Berserk           |     1 |       ||     1
 Armour: Animal skin       |    22 |       ||    22
         Chain mail        |    80 |    28 ||   108
  Dodge: Dodged            |    54 |    16 ||    70

Table legend: (Time is in decaauts)
 A = Elapsed time spent in this place.
 B = Non-inter-level travel time spent in this place.
 C = Inter-level travel time spent in this place.
 D = Time resting spent in this place.
 E = Time spent auto-exploring this place.
 F = Levels seen in this place.
 G = Mean time per level.
                   A        B        C        D        E       F      G
               +--------+--------+--------+--------+--------+-----+--------+
         Total |   1889 |   1779 |    110 |     25 |   1470 |   3 |  629.7 |
       Dungeon |   1889 |   1779 |    110 |     25 |   1470 |   3 |  629.7 |
               +--------+--------+--------+--------+--------+-----+--------+

Top non-repeatable levels by time:
     D:1: 979 daAuts
     D:2: 662 daAuts
     D:3: 247 daAuts
